 Dungeon Crawl Stone Soup version 0.21.1-1-g345015f (webtiles) character file.

5106 kae the Insei (level 10, 0/74 HPs)
             Began as a Demonspawn Transmuter on May 16, 2018.
             Was an Elder of Wu Jian.
             Slain by a cyclops (29 damage)
             ... on level 9 of the Dungeon.
             The game lasted 00:15:35 (12814 turns).

kae the Insei (Demonspawn Transmuter)              Turns: 12814, Time: 00:15:36

Health: 0/74       AC:  4    Str: 10    XL:     10   Next: 32%
Magic:  0/17       EV: 15    Int: 16    God:    Wu Jian [****..]
Gold:   432        SH:  4    Dex: 16    Spells: 8/19 levels left

rFire    . . .     SeeInvis .     - Unarmed
rCold    . . .     Gourm    .   (shield currently unavailable)
rNeg     + . .     Faith    .   b - +0 robe
rPois    .         Spirit   +   j - +2 hat
rElec    .         Reflect  .   (no cloak)
rCorr    .         Harm     .   (gloves currently unavailable)
MR       .....                  (no boots)
Stlth    +.........             (no amulet)
HPRegen  0.22/turn              A - ring of positive energy
MPRegen  0.15/turn              (no ring)

@: blade hands
A: antennae 2, large bone plates 1, demonic guardian 1, magic shield
a: End Transformation, Wall Jump, Serpent's Lash, Renounce Religion


You were on level 9 of the Dungeon.
You worshipped Wu Jian.
Wu Jian was greatly pleased with you.
You were not hungry.
You had blades for hands.
You visited 3 branches of the dungeon, and saw 11 of its levels.
You also visited: Ossuary.

You collected 432 gold pieces.

Inventory:

Missiles
 a - 161 arrows
Armour
 b - a +0 robe (worn)
 j - a +2 hat (worn)
Jewellery
 A - a ring of positive energy (left scythe-like blade)
Wands
 f - a wand of random effects (89)
 o - a wand of disintegration (14)
 y - a wand of digging (12)
Scrolls
 e - a scroll of enchant weapon
 g - 3 scrolls of amnesia
 m - 6 scrolls of teleportation
 v - a scroll of fog
 z - a scroll of remove curse
 B - a scroll of identify
 C - a scroll of summoning {unknown}
 D - a scroll of noise {unknown}
Potions
 h - 3 potions of cancellation
 i - 2 potions of flight
 n - 2 potions of resistance
 p - a potion of lignification
 r - a potion of brilliance
 s - a potion of magic
 t - a potion of might
 u - 2 potions of haste
 w - a potion of invisibility
Books
 c - a book of Changes

   Spells                             Type                      Level
   a - Beastly Appendage              Transmutation                1
   b - Sticks to Snakes               Transmutation                2
   c - Spider Form                    Transmutation/Poison         3
   d - Ice Form                       Ice/Transmutation            4
   e - Blade Hands                    Transmutation                5
 k - a book of Callings

   Spells                             Type                      Level
   a - Summon Small Mammal            Summoning                    1
   b - Call Imp                       Summoning                    2
   c - Call Canine Familiar           Summoning                    3
   d - Summon Guardian Golem          Hexes/Summoning              3
   e - Summon Lightning Spire         Summoning/Air                4
   f - Summon Ice Beast               Ice/Summoning                4
 l - a book of Misfortune

   Spells                             Type                      Level
   a - Confusing Touch                Hexes                        1
   b - Confuse                        Hexes                        3
   c - Gell's Gravitas                Translocation                3
   d - Petrify                        Transmutation/Earth          4
   e - Metabolic Englaciation         Hexes/Ice                    5
   f - Yara's Violent Unravelling     Hexes/Transmutation          5
 q - a book of Minor Magic

   Spells                             Type                      Level
   a - Magic Dart                     Conjuration                  1
   b - Blink                          Translocation                2
   c - Call Imp                       Summoning                    2
   d - Slow                           Hexes                        2
   e - Conjure Flame                  Conjuration/Fire             3
   f - Mephitic Cloud                 Conjuration/Poison/Air       3
Comestibles
 d - 16 rations


   Skills:
 + Level 5.3 Fighting
 + Level 4.7 Armour
 + Level 5.1 Dodging
 * Level 7.6 Unarmed Combat
 + Level 5.2 Spellcasting
 * Level 7.3 Transmutations


You had 8 spell levels left.
You knew the following spells:

 Your Spells              Type           Power        Failure   Level  Hunger
a - Beastly Appendage     Tmut           ####..       13%         1    None
b - Sticks to Snakes      Tmut           ####....     16%         2    #......
c - Spider Form           Tmut/Pois      ###.......   45%         3    ###....
d - Blade Hands           Tmut           ####......   63%         5    ######.


Dungeon Overview and Level Annotations

Branches:
Dungeon (9/15)             Temple (1/1) D:6            Lair (1/6) D:8
    Orc: D:9-12

Altars:
Cheibriados
Fedhas
Okawaru
Qazlal
Uskayaw
Vehumet
Wu Jian
Xom
Zin
The Shining One

Shops:
D:7 (

Annotations:
D:2 1 runed door, exclusion: 3 gnolls
Lair:1 Sonja


Innate Abilities, Weirdness & Mutations

You have a pair of antennae on your head.
You are partially covered in large bone plates. (SH +4)
A weak demonic guardian rushes to your aid.
When hurt, damage is shared between your health and your magic reserves.


Message History

You start resting.
The cyclops shouts!
The cyclops throws a large rock.
The large rock hits you!!
Things that are here:
a large rock; a leather armour; a club You see here a spear.
You lunge at the cyclops.
You hit the cyclops.
The cyclops is lightly wounded.
The cyclops hits you!!
Casting: Blade Hands
Confirm with . or Enter, or press ? or * to list all spells.
Your hands turn into razor-sharp scythe blades.
The cyclops hits you!
Your quasit bites the cyclops but does no damage.
Your quasit claws the cyclops.
Your quasit claws the cyclops but does no damage.
You hit the cyclops.
The cyclops is lightly wounded.
The cyclops hits you!!
You die...

...#.######....'.##.#
......###....###.##.## .
....?...#.##.#...(...# ..
#.......+....#.......# ...
.....##'#....####'###########....
......................)....).....
.#.......#.>.....))...#...###..##
.........#...##.5#(...#..........
...............C@))!<............
#..############################ #
..## .. .# ..


You could see a cyclops and a friendly quasit.

Vanquished Creatures
  A hydra (Lair:1)
  A hippogriff (D:7)
  4 yaks (Lair:1)
  A vampire (D:9)
  2 humans (D:7)
  Menkaure (D:6)
  2 hell hounds (D:8)
  2 water moccasins
  A porcupine (Lair:1)
  An orc warrior (D:8)
  2 ogres (D:7)
  4 centaurs
  2 bullfrogs
  A scorpion (D:5)
  4 howler monkeys
  3 crimson imps
  3 hounds
  9 orc wizards
  A quasit (D:8)
  3 jellies
  8 orc priests
  2 gnoll shamans
  A bullfrog skeleton (D:4)
  A centaur skeleton (D:8)
  2 iguanas
  Natasha (thrice) (D:3)
  6 worker ants
  A hound skeleton (D:8)
  Robin (D:3)
  A worker ant zombie (D:5)
  20 gnolls
  12 adders
  A shadow imp (D:6)
  2 oozes
  3 adder zombies
  4 adder skeletons
  2 worms
  4 leopard geckos
  29 orcs
  A ball python (D:4)
  7 bats
  5 giant cockroaches
  13 goblins
  6 hobgoblins
  9 jackals
  16 kobolds
  3 quokkas
  4 frilled lizards
  6 hobgoblin zombies (Ossuary)
  2 jackal zombies
  12 kobold zombies (Ossuary)
  A leopard gecko skeleton (D:4)
  6 orc zombies (Ossuary)
  A quokka skeleton (D:5)
  A quokka zombie (D:8)
  11 rats
255 creatures vanquished.

Vanquished Creatures (collateral kills)
  A hippogriff (D:8)
  An ogre (D:7)
  A centaur (D:8)
  A big kobold (D:7)
  2 orc zombies (Ossuary)
6 creatures vanquished.

Vanquished Creatures (others)
  A fungus (Lair:1)
1 creature vanquished.

Grand Total: 262 creatures vanquished

Notes
Turn   | Place    | Note
-------+----------+-------------------------------------------
     0 | D:1      | kae the Demonspawn Transmuter began the quest for the Orb.
     0 | D:1      | Reached XP level 1. HP: 15/15 MP: 3/3
   362 | D:1      | Gained mutation: You are partially covered in large bone plates. (SH +4) [demonic ancestry]
   362 | D:1      | Reached XP level 2. HP: 18/21 MP: 3/5
  1244 | D:2      | Gained mutation: You have a pair of small antennae on your head. [demonic ancestry]
  1244 | D:2      | Reached XP level 3. HP: 24/26 MP: 4/6
  1761 | D:2      | Found a runed door.
  1896 | D:3      | Learned a level 2 spell: Sticks to Snakes
  1900 | D:3      | Learned a level 3 spell: Spider Form
  2110 | D:3      | Found an ornate altar of the Wu Jian Council.
  2137 | D:3      | Reached XP level 4. HP: 20/32 MP: 5/7
  2347 | D:3      | Reached skill level 1 in Armour
  2884 | D:3      | Reached XP level 5. HP: 38/38 MP: 5/8
  3198 | D:3      | Became a worshipper of the Wu Jian Council
  3306 | D:3      | Noticed Natasha
  3315 | D:3      | Killed Natasha
  3477 | D:3      | Noticed Natasha
  3485 | D:3      | Killed Natasha
  3600 | D:3      | Noticed Natasha
  3609 | D:3      | Killed Natasha
  3609 | D:3      | Gained mutation: When hurt, damage is shared between your health and your magic reserves. [demonic ancestry]
  3609 | D:3      | Reached XP level 6. HP: 32/44 MP: 7/10
  3728 | D:3      | Found a snail-covered altar of Cheibriados.
  3736 | D:3      | Noticed Robin
  3873 | D:4      | Reached * piety under Wu Jian
  4238 | D:3      | Found a blossoming altar of Fedhas.
  4238 | D:3      | Found a glowing silver altar of Zin.
  4240 | D:3      | Found a stormy altar of Qazlal.
  4240 | D:3      | Found an ornate altar of the Wu Jian Council.
  4240 | D:3      | Found a shimmering altar of Xom.
  4256 | D:3      | Killed Robin
  4323 | D:4      | Found a glowing golden altar of the Shining One.
  4359 | D:4      | Found a sand-covered staircase.
  4366 | Ossuary  | Entered an ossuary
  4745 | Ossuary  | Reached ** piety under Wu Jian
  4766 | Ossuary  | HP: 2/46 [elf zombie (4)]
  5119 | D:4      | Reached XP level 7. HP: 28/51 MP: 5/11
  6185 | D:5      | Entered Level 5 of the Dungeon
  6724 | D:5      | Reached skill level 5 in Unarmed Combat
  7132 | D:5      | Reached XP level 8. HP: 45/58 MP: 4/13
  7335 | D:5      | Found a snail-covered altar of Cheibriados.
  7355 | D:5      | Found a blossoming altar of Fedhas.
  7644 | D:6      | Found a staircase to the Ecumenical Temple.
  7660 | D:6      | Reached *** piety under Wu Jian
  7810 | D:6      | Reached skill level 5 in Transmutations
  8024 | D:6      | Noticed Menkaure
  8033 | Temple   | Entered the Ecumenical Temple
  8041 | Temple   | Learned a level 5 spell: Blade Hands
  8050 | D:6      | Killed Menkaure
  8541 | D:7      | Noticed a hippogriff
  8847 | D:7      | Gained mutation: A weak demonic guardian rushes to your aid. [demonic ancestry]
  8847 | D:7      | Reached XP level 9. HP: 44/65 MP: 4/15
  9232 | D:7      | Found Uwyhu's Antique Weapon Emporium.
  9428 | D:7      | Found a glowing silver altar of Zin.
  9431 | D:7      | Found a hide-covered altar of Uskayaw.
  9434 | D:7      | Found a radiant altar of Vehumet.
  9537 | D:7      | Found an iron altar of Okawaru.
  9983 | D:8      | Reached **** piety under Wu Jian
 10052 | D:8      | Found a staircase to the Lair.
 11178 | D:8      | Identified a scroll of acquirement
 11279 | Lair:1   | Entered Level 1 of the Lair of Beasts
 11295 | Lair:1   | Reached skill level 5 in Fighting
 11295 | Lair:1   | Reached skill level 5 in Spellcasting
 11295 | Lair:1   | Gained mutation: You have a pair of antennae on your head. [demonic ancestry]
 11295 | Lair:1   | Reached XP level 10. HP: 38/74 MP: 5/17
 11667 | Lair:1   | Noticed a seven-headed hydra
 11689 | Lair:1   | Killed a seven-headed hydra
 11689 | Lair:1   | Reached skill level 5 in Dodging
 12172 | Lair:1   | Noticed Sonja
 12421 | D:9      | HP: 2/74 [something (10)]
 12805 | D:9      | Noticed a cyclops
 12814 | D:9      | Slain by a cyclops

Skill      XL: |  1  2  3  4  5  6  7  8  9 10 |
---------------+-------------------------------+-----
Transmutations | 2 3 4 5 6 7 |  7.3
Unarmed Combat | 3 4 5 6 7 |  7.6
Dodging        | 2 3 4 5 |  5.1
Armour         | 1 2 3 4 |  4.7
Fighting       | 2 3 4 5 |  5.3
Spellcasting   | 3 4 5 |  5.2

Action                   |  1- 3 |  4- 6 |  7- 9 | 10-12 || total
-------------------------+-------+-------+-------+-------++-------
Melee: Unarmed           |   155 |   314 |   522 |    69 ||  1060
       Kick              |     8 |     7 |    30 |       ||    45
       Punch             |     1 |     2 |     8 |       ||    11
 Cast: Beastly Appendage |    14 |     5 |    12 |       ||    31
       Spider Form       |     1 |    15 |    29 |     5 ||    50
       Sticks to Snakes  |     1 |     2 |       |     1 ||     4
       Blade Hands       |       |       |     5 |     3 ||     8
Invok: Lunge             |       |    14 |    38 |     8 ||    60
       Whirlwind         |       |    18 |    16 |     8 ||    42
       Wall Jump         |       |       |     4 |     2 ||     6
  Use: Potion            |     2 |       |     1 |     1 ||     4
       Scroll            |     3 |     3 |    13 |     1 ||    20
 Stab: Sleeping          |     1 |       |     3 |     1 ||     5
       Distracted        |       |       |     1 |       ||     1
  Eat: Chunk             |     4 |     9 |    20 |     2 ||    35
       Ration            |       |     1 |     1 |     2 ||     4
Armor: Robe              |    40 |    27 |    31 |     3 ||   101
       Skin              |       |     3 |     3 |       ||     6
Dodge: Dodged            |   103 |   186 |   359 |    63 ||   711
Block: Other             |    35 |    34 |    48 |     4 ||   121
